 Dungeon Crawl Stone Soup version 0.23.2 (webtiles) character file.

Game seed: 5866841568535699167

6337 Gargoyl the Chopper (level 10, -7/83 HPs)
             Began as a Centaur Abyssal Knight on Apr 12, 2019.
             Was a High Priest of Lugonu.
             Mangled by an orc warrior
             ... wielding a +0 scimitar
              (19 damage)
             ... on level 9 of the Dungeon.
             The game lasted 00:21:28 (13704 turns).

Gargoyl the Chopper (Centaur Abyssal Knight)       Turns: 13704, Time: 00:21:29

Health: -7/83      AC: 11    Str: 17      XL:     10   Next: 64%
Magic:  15/15      EV:  5    Int:  7 (8)  God:    Lugonu [*****.]
Gold:   229        SH:  3    Dex:  9 (10) Spells: 9/9 levels left

rFire    . . .     SeeInvis .   f - +4 war axe
rCold    + . .     Gourm    .   m - +0 buckler
rNeg     . . .     Faith    .   d - +0 chain mail
rPois    .         Spirit   .   g - +2 hat
rElec    .         Reflect  .   (no cloak)
rCorr    .         Harm     .   (no gloves)
MR       .....                  (no barding)
Stlth    ..........             (no amulet)
HPRegen  0.23/turn              h - ring of protection from cold
MPRegen  0.14/turn              v - -3 ring of intelligence (curse)

@: slowed, drained
A: large, hooves 3, deformed body, speed 2, tough skin 3
a: Depart the Abyss, Bend Space, Banish, Corrupt, Enter the Abyss, Renounce
Religion


You were on level 9 of the Dungeon.
You worshipped Lugonu.
Lugonu was extremely pleased with you.
You were hungry.

You visited 1 branch of the dungeon, and saw 9 of its levels.
You visited the Abyss 1 time.

You collected 469 gold pieces.
You spent 240 gold pieces at shops.

Inventory:

Hand Weapons
 a - a +2 hand axe
 f - a +4 war axe (weapon)
Armour
 d - a +0 chain mail (worn)
 g - a +2 hat (worn)
 m - a +0 buckler (worn)
Jewellery
 h - a ring of protection from cold (left hand)
 v - a cursed -3 ring of intelligence (right hand)
Wands
 i - a wand of disintegration (13)
 j - a wand of random effects (37)
 o - a wand of flame (26)
 q - a wand of iceblast (5)
 s - a wand of acid (6)
Scrolls
 b - 3 scrolls of amnesia
 e - 4 scrolls of remove curse
 t - 2 scrolls of identify
 x - 3 scrolls of fog
Potions
 l - 2 potions of might
 n - 2 potions of cancellation {unknown}
 p - 3 potions of brilliance
 r - a potion of curing
 z - a potion of haste {unknown}
 A - a potion of ambrosia {unknown}
 B - a potion of magic {unknown}
Comestibles
 c - 9 rations


   Skills:
 + Level 5.8(4.6) Fighting
 + Level 7.8(6.5) Axes
 * Level 7.2(5.9) Armour
 * Level 4.5(3.3) Dodging
 + Level 1.4(0.4) Shields
 * Level 7.3(6.1) Invocations
 + Level 1.0(0.0) Evocations


You had 9 spell levels left.
You didn't know any spells.
Your spell library contained the following spells:

 Spells                   Type           Power        Failure   Level  Hunger
 Corona                   Hex            #......      100%        1    ##.....
 Magic Dart               Conj           #...         100%        1    ##.....
 Blink                    Tloc           N/A          100%        2    ###....
 Call Imp                 Summ           #.......     100%        2    ###....
 Slow                     Hex            #.......     100%        2    ###....
 Conjure Flame            Conj/Fire      #.......     100%        3    ####...
 Inner Flame              Hex/Fire       #.......     100%        3    ####...
 Mephitic Cloud           Conj/Pois/Air  #.......     100%        3    ####...
 Portal Projectile        Hex/Tloc       #.....       100%        3    ####...
 Cause Fear               Hex            #.........   100%        4    #####..
 Leda's Liquefaction      Hex/Erth       #.........   100%        4    #####..


Dungeon Overview and Level Annotations

Branches:
Dungeon (9/15)             Temple (0/1) D:7
   Lair: D:8-11         Orc: D:9-12

Altars:
Okawaru
Xom
Zin

Shops:
D:4 (   D:8 :


Innate Abilities, Weirdness & Mutations

You have hooves in place of feet.
Armour fits poorly on your strangely shaped body.
You cover ground very quickly.
You have extremely tough skin. (AC +3)


Message History

Lugonu accepts your kill.
You hit the orc warrior but do no damage.
You closely miss the orc.
The orc warrior hits you with a +0 scimitar!!
The orc hits you with a +0 whip.
The orc warrior hits you but does no damage.
The orc hits you but does no damage.
You closely miss the orc warrior. Your kick misses the orc warrior.
The orc warrior is moderately wounded.
Your chain mail prevents you from hitting the orc.
The orc hits you with a +0 whip.
The orc warrior hits you with a +0 scimitar!!
* * * LOW HITPOINT WARNING * * *
The orc hits you but does no damage.
You hit the orc warrior but do no damage.
Your kick misses the orc warrior.
The orc warrior is moderately wounded.
You barely miss the orc.
The orc warrior hits you with a +0 scimitar!!
You die...

##### .... #..# #.)#
####### #.@# +.....#
#oo# ##...y.### #..#
#...yy.... #..#
#+++#.#.yY.... #.)#
.............. #..#
..#.#'''#..... #..#
#/#(#>.... #..#
#.$?######
####..###########.....


You could see an orc warrior and an orc.

Vanquished Creatures
  A two-headed ogre (D:8)
  A cyclops (D:8)
  A centaur skeleton (D:7)
  A hornet (D:7)
  A troll (D:9)
  A wyvern (D:9)
  2 hungry ghosts
  4 sky beasts
  2 orc warriors
  3 ice beasts
  5 ogres
  6 centaurs
  A phantom (D:4)
  3 big kobolds
  3 bullfrogs
  2 wyvern skeletons
  3 scorpions
  6 wights (D:9)
  An electric eel (D:8)
  2 bullfrog zombies
  A crimson imp (D:8)
  5 hounds
  2 centaur zombies (D:7)
  3 jellies (D:9)
  6 orc priests
  2 bullfrog skeletons
  7 orc wizards
  Ijyb (D:3)
  2 iguanas
  7 worker ants
  A hound skeleton (D:4)
  A hound zombie (D:7)
  A worker ant zombie (D:5)
  A howler monkey zombie (D:5)
  4 gnolls (D:6)
  15 adders
  An ooze (D:4)
  6 worms
  4 adder skeletons
  An adder zombie (D:6)
  2 dart slugs
  4 leopard geckos
  29 orcs
  9 bats
  9 giant cockroaches
  11 goblins
  5 hobgoblins
  12 jackals
  5 quokkas
  A ball python (D:4)
  2 frilled lizards (D:1)
  A jackal zombie (D:5)
  13 kobolds
  A quokka zombie (D:5)
  5 rats
229 creatures vanquished.

Vanquished Creatures (collateral kills)
  6 killer bees (D:9)
6 creatures vanquished.

Grand Total: 235 creatures vanquished

Notes
Turn   | Place    | Note
-------+----------+-------------------------------------------
     0 | Abyss:1  | Gargoyl the Centaur Abyssal Knight began the quest for the
                  | Orb.
     0 | Abyss:1  | Reached XP level 1. HP: 19/19 MP: 2/2
    49 | Abyss:1  | Noticed a large abomination
    64 | Abyss:1  | Noticed a flying skull
    72 | Abyss:1  | Noticed a shining eye
    84 | D:1      | Escaped the Abyss
    93 | D:1      | Reached * piety under Lugonu
   435 | D:1      | Reached XP level 2. HP: 22/26 MP: 3/3
  1119 | D:1      | Reached skill level 1 in Dodging
  1284 | D:2      | Reached XP level 3. HP: 28/31 MP: 4/4
  1593 | D:2      | Found an iron altar of Okawaru.
  1742 | D:2      | Reached XP level 4. HP: 21/39 MP: 5/5
  2773 | D:3      | Reached ** piety under Lugonu
  2776 | D:3      | Reached XP level 5. HP: 42/46 MP: 5/7
  2904 | D:3      | Noticed Ijyb
  2933 | D:3      | Killed Ijyb
  3744 | D:4      | You fall through a shaft for 2 floors!
  3744 | D:6      | Noticed a centaur
  3794 | D:6      | Reached XP level 6. HP: 39/52 MP: 8/8
  4057 | D:5      | Entered Level 5 of the Dungeon
  4134 | D:5      | Reached XP level 7. HP: 59/59 MP: 9/9
  4869 | D:4      | Reached *** piety under Lugonu
  5001 | D:4      | Found Kaihyo's Antique Weapon Shoppe.
  5774 | D:6      | Reached XP level 8. HP: 66/66 MP: 11/11
  5860 | D:6      | Found a shimmering altar of Xom.
  6101 | D:6      | Reached skill level 5 in Axes
  6417 | D:6      | Reached skill level 5 in Invocations
  7381 | D:4      | Bought a smoking hand axe for 240 gold pieces
  7381 | D:4      | Identified the +3 hand axe of Dullness {chop, +Inv Str+4
                  | Int+2 Dex-5} (You bought it in a shop on level 4 of the
                  | Dungeon)
  7563 | D:7      | Noticed a hornet
  7574 | D:7      | Killed a hornet
  7574 | D:7      | Reached **** piety under Lugonu
  7575 | D:7      | Reached XP level 9. HP: 32/73 MP: 11/13
  7582 | D:7      | Reached skill level 5 in Fighting
  7582 | D:7      | Reached skill level 5 in Armour
  8308 | D:7      | Found a staircase to the Ecumenical Temple.
  9324 | D:8      | Reached skill level 1 in Shields
  9676 | D:8      | Noticed a cyclops
  9973 | D:8      | Found a glowing silver altar of Zin.
  9997 | D:8      | Got a pitted long sword
  9998 | D:8      | Identified the +2 long sword of Dissent {distort, rPois rF+
                  | rN+ Str+2} (You found it on level 8 of the Dungeon)
 10015 | D:8      | Found Ammefroiq's Book Emporium.
 10175 | D:8      | Killed a cyclops
 10175 | D:8      | Reached XP level 10. HP: 12/81 MP: 13/15
 10741 | D:9      | Noticed a two-headed ogre
 10828 | D:8      | Killed a two-headed ogre
 10828 | D:8      | Reached skill level 1 in Evocations
 12606 | D:9      | Reached ***** piety under Lugonu
 13704 | D:9      | Mangled by an orc warrior

Skill      XL: |  1  2  3  4  5  6  7  8  9 10 |
---------------+-------------------------------+-----
Axes           | 2 3 4 6 7 |  7.8
Dodging        | 1 2 3 4 |  4.5
Armour         | 2 3 4 6 7 |  7.2
Invocations    | 3 4 5 6 7 |  7.3
Fighting       | 4 5 |  5.8
Shields        | 1 |  1.4
Evocations     | 1 |  1.0

Action                   |  1- 3 |  4- 6 |  7- 9 | 10-12 || total
-------------------------+-------+-------+-------+-------++-------
Melee: Hand axe          |   104 |   175 |       |       ||   279
       Kick              |     7 |    38 |    62 |    31 ||   138
       War axe           |       |     4 |   352 |   189 ||   545
Invok: Depart the Abyss  |     1 |       |       |       ||     1
       Bend Space        |       |       |       |     2 ||     2
Evoke: Wand              |       |     2 |     4 |    13 ||    19
  Use: Scroll            |     1 |     7 |     5 |     3 ||    16
       Potion            |     1 |     2 |       |    10 ||    13
  Eat: Chunk             |     2 |     6 |    15 |     7 ||    30
       Ration            |       |       |     2 |     3 ||     5
Armor: Chain mail        |   115 |   141 |   269 |   168 ||   693
       Skin              |       |       |       |    16 ||    16
Dodge: Dodged            |    27 |    39 |    93 |    62 ||   221
Block: Buckler           |       |       |    38 |    34 ||    72
